 Dungeon Crawl Stone Soup version 0.25-a0-474-ga8a2ee3166 (webtiles) character file.

Game seed: 17987227674229702379, levelgen mode: deterministic

167 Lugonue the Firebug (level 5, 0/38 HPs)
             Began as a Hill Orc Fire Elementalist on Feb 6, 2020.
             Slain by Ijyb
             ... wielding a +0 dagger
              (5 damage)
             ... on level 3 of the Dungeon.
             The game lasted 00:06:28 (3014 turns).

Lugonue the Firebug (Hill Orc Fire Elementalist)    Turns: 3014, Time: 00:06:28

Health: 0/38       AC:  4    Str: 12    XL:     5   Next: 48%
Magic:  8/8        EV: 18    Int: 15    God:
Gold:   233        SH:  0    Dex: 16    Spells: 7/8 levels left

rFire    . . .     SeeInvis .   p - +0 war axe
rCold    . . .     Gourm    +   (no shield)
rNeg     . . .     Faith    .   a - +0 robe
rPois    .         Spirit   .   f - +2 hat
rElec    .         Reflect  .   (no cloak)
rCorr    .         Harm     .   (no gloves)
MR       .....                  (no boots)
Stlth    +++.......             j - amulet of the gourmand
HPRegen  0.12/turn              (no ring)
MPRegen  0.11/turn              (no ring)

@: agile, slowed, very slow
A: no striking features
a: no special abilities


You were on level 3 of the Dungeon.
You were not hungry.

You visited 1 branch of the dungeon, and saw 3 of its levels.

You collected 233 gold pieces.

Inventory:

Hand Weapons
 p - a +0 war axe (weapon)
Missiles
 m - 84 stones (quivered)
Armour
 a - a +0 robe (worn)
 f - a +2 hat (worn)
Jewellery
 j - an amulet of the gourmand (around neck)
Scrolls
 b - 3 scrolls of identify
 d - a scroll of magic mapping {unknown}
 e - a scroll of noise {unknown}
 i - a scroll of fear {unknown}
 n - a scroll of remove curse {unknown}
 o - 2 scrolls of teleportation {unknown}
Potions
 g - a potion of haste
 h - a potion of curing {unknown}
 l - a potion of mutation
 q - a potion of flight {unknown}
Comestibles
 c - 10 rations


   Skills:
 + Level 0.2 Fighting
 + Level 2.0 Dodging
 + Level 1.8 Stealth
 - Level 1.3 Unarmed Combat
 + Level 2.3 Spellcasting
 + Level 2.2 Conjurations
 * Level 4.7 Fire Magic


You had 7 spell levels left.
You knew the following spells:

 Your Spells              Type           Power        Failure   Level  Hunger
a - Foxfire               Conj/Fire      ##..         4%          1    #......

Your spell library contained the following spells:

 Spells                   Type           Power        Failure   Level  Hunger
 Conjure Flame            Conj/Fire      ##......     16%         3    ###....
 Inner Flame              Hex/Fire       #.......     24%         3    ###....
 Sticky Flame             Conj/Fire      ##......     45%         4    #####..
 Fireball                 Conj/Fire      ##........   80%         5    ######.


Dungeon Overview and Level Annotations

Branches:
Dungeon (3/15)

Altars:
Okawaru
Sif Muna
Wu Jian

Annotations:
D:3 Ijyb, Natasha


Message History

Something claws you!
You feel agile all of a sudden. Ijyb barely misses you.
You hear some strange, mumbled words.
Something tries to affect you, but you resist.
Ijyb barely misses you. Something claws you.
You hit Ijyb.
Ijyb is moderately wounded.
You miss something. Ijyb hits you but does no damage.
Something claws you but does no damage. Ijyb misses you. Something claws you.
You closely miss Ijyb.
Ijyb is moderately wounded.
You miss something. Ijyb barely misses you.
Something claws you but does no damage. Ijyb misses you. Something claws you!
You closely miss Ijyb.
Ijyb is moderately wounded.
You miss something. Ijyb completely misses you. Something claws you!
* * * LOW HITPOINT WARNING * * *
Ijyb hits you with a +0 dagger.
You die...

# ..... . #. .... .
##.# ...### ##...#
.... #.....#
..#########
.......##.#........
..._..g@..#.#########
......{#............#
#.....###.#....######
##...#########.#
##.##.>.......#
#.#### ...
########..# #.#...
... #..# #.#.## ..
#..# #.#.# #..# #.#.#


You could see Ijyb.

Vanquished Creatures
  An orc priest (D:3)
  Natasha (D:3)
  3 gnolls (D:2)
  An adder (D:2)
  An ooze (D:1)
  A dart slug (D:2)
  A leopard gecko (D:1)
  4 orcs (D:3)
  2 bats (D:1)
  2 giant cockroaches
  9 goblins
  7 hobgoblins
  4 jackals (D:2)
  4 quokkas
  A ball python (D:2)
  8 frilled lizards
  6 kobolds
  11 rats
67 creatures vanquished.

Vanquished Creatures (others)
  124 foxfires
124 creatures vanquished.

Grand Total: 191 creatures vanquished

Notes
Turn   | Place    | Note
-------+----------+-------------------------------------------
     0 | D:1      | Lugonue the Hill Orc Fire Elementalist began the quest for
                  | the Orb.
     0 | D:1      | Reached XP level 1. HP: 14/14 MP: 3/3
   114 | D:1      | Reached XP level 2. HP: 9/20 MP: 0/4
   819 | D:1      | Reached XP level 3. HP: 26/26 MP: 2/5
  1130 | D:2      | Reached skill level 4 in Fire Magic
  1459 | D:2      | Found an iron altar of Okawaru.
  1494 | D:2      | Reached XP level 4. HP: 22/33 MP: 2/6
  1504 | D:2      | Reached skill level 1 in Unarmed Combat
  1918 | D:2      | Found a shimmering blue altar of Sif Muna.
  2263 | D:3      | Noticed Natasha
  2275 | D:3      | Killed Natasha
  2275 | D:3      | Reached XP level 5. HP: 28/38 MP: 4/8
  3003 | D:3      | Found an ornate altar of the Wu Jian Council.
  3003 | D:3      | Noticed Ijyb
  3005 | D:3      | Noticed Natasha
  3014 | D:3      | Slain by Ijyb

Levels and vault maps discovered:
D:1:      lightli_arrival_windingriver, layout_loops_cross
D:2:      layout_loops_ring, okawaru_altar_gauntlet_db,
          nicolae_overflow_hidden_temple
D:3:      layout_basic, lemuel_round_altar, dk_vineyard_2,
          kennysheep_generic_room_10, uniq_natasha, uniq_ijyb

Skill      XL: |  1  2  3  4 |
---------------+-------------+-----
Fire Magic     | 4 |  4.7
Conjurations   | 2 |  2.2
Unarmed Combat | 1 |  1.3
Spellcasting   | 2 |  2.3
Dodging        | 2 |  2.0
Fighting       | |  0.2
Stealth        | |  1.8

Action                   |  1- 3 |  4- 6 || total
-------------------------+-------+-------++-------
Melee: Unarmed           |    90 |    28 ||   118
       War axe           |       |    24 ||    24
 Cast: Foxfire           |    45 |    40 ||    85
  Use: Potion            |     4 |     3 ||     7
       Scroll            |     1 |       ||     1
 Stab: Sleeping          |     1 |     1 ||     2
       Invisible         |     1 |       ||     1
  Eat: Chunk             |     2 |     7 ||     9
Armor: Robe              |    21 |    16 ||    37
Dodge: Dodged            |    70 |    60 ||   130

Table legend:
 A = Non-vault XP
 B = Vault XP
 C = Vault XP percentage of total XP
 D = Non-vault monster count
 E = Vault monster count
 F = Vault count percentage of total count
                 A         B        C        D         E       F
            +---------+---------+-------+---------+---------+-------
      Total |     157 |      82 |  34.3 |      60 |       7 |  10.4
            +---------+---------+-------+---------+---------+-------
        D:1 |      36 |       0 |   0.0 |      19 |       0 |   0.0
        D:2 |      54 |      47 |  46.5 |      25 |       6 |  19.4
        D:3 |      67 |      35 |  34.3 |      16 |       1 |   5.9
            +---------+---------+-------+---------+---------+-------
